 Dungeon Crawl Stone Soup version bcrawl-1.31 (webtiles) character file.

Game seed: 5133655705024034543

215329 Morbidden the Sneak (level 5, 19/54 HPs)
             Began as an Ent Archaeologist on Apr 5, 2021.
             Quit the game on level 2 of the Dungeon.
             The game lasted 00:02:06 (1404 turns).

Morbidden the Sneak (Ent Archaeologist)             Turns: 1404, Time: 00:02:07

Health: 19/54      AC: 13    Str: 19    XL:     5   Next: 22%
Magic:  5/5        EV: 10    Int: 15    God:
Gold:   104        SH:  0    Dex:  8    Spells: 4/4 levels left

rFire    . . .     SeeInvis .     - Branches (11.3)
rCold    . . .     Gourm    .   (no shield)
rNeg     + + +     Faith    .   (armour unavailable)
rPois    +         Spirit   .   c - +1 hat
rElec    .         Reflect  .   (no cloak)
rCorr    .         Harm     .   (gloves unavailable)
MR       .....                  (boots unavailable)
Stlth    ++........             (no amulet)
HPRegen  0.18/turn              (no ring)
MPRegen  0.09/turn              (no ring)

@: very slow
A: large, slow actions, passwall, strong branches, negative energy resistance 3,
poison resistance, slow metabolism 1, torment resistance, unbreathing, AC +12
a: Passwall


You were on level 2 of the Dungeon.
You were not hungry.

You visited 1 branch of the dungeon, and saw 2 of its levels.

You collected 104 gold pieces.

Inventory:

Hand Weapons
 b - a +0 blowgun
 n - a +2 vampiric falchion
Missiles
 d - 6 curare-tipped needles
 h - 2 throwing nets {=f}
 k - 56 poisoned needles
Armour
 c - a +1 hat (worn)
Jewellery
 o - a cursed ring of see invisible
 q - a cursed ring of teleportation {unknown}
Scrolls
 i - a scroll of identify
 j - 2 scrolls of amnesia {unknown}
 l - a scroll of teleportation {unknown}
Potions
 m - a potion of flight {unknown}
 p - a potion of cancellation {unknown}
Comestibles
 a - a chunk of flesh
 e - 9 rations {!d}


   Skills:
 * Level 2.4 Fighting
   Level 1.2 Maces & Flails
 + Level 3.7 Dodging
 + Level 4.4 Stealth
 + Level 2.7 Unarmed Combat


You had 4 spell levels left.
You didn't know any spells.
Your spell library contained the following spells:

 Spells                   Type           Power        Failure   Level  Hunger
 Confuse                  Hex            #.......     63%         3    #####..
 Dazzling Orbs            Conj/Hex       #......      63%         3    #####..
 Petrify                  Tmut/Erth      #.........   95%         4    ######.
 Yara's Violent Unravell  Hex/Tmut       #.........   95%         4    ######.
 Metabolic Englaciation   Hex/Ice        #.........   100%        5    #######
 Mana Rupture             Conj/Hex       #.........   100%        7    #######


Dungeon Overview and Level Annotations

Branches:
Dungeon (2/12)

Altars:
Xom


Innate Abilities, Weirdness & Mutations

You move and act slowly.
You can pass through walls and trees.
Your branches can wield two-handed weapons with a shield.
Your thick bark is tough. (AC +12)
You are too large for most types of armour.
You are immune to negative energy. (rN+++)
Your system is resistant to poisons. (rPois)
You have a slow metabolism.
You are immune to unholy pain and torment.
You can survive without breathing.


Message History

As you read the scroll of magic mapping, it crumbles to dust.
You feel aware of your surroundings.
You sensed 1 altar, and 1 shop/portal.
Unknown command.
As you read the scroll of acquirement, it crumbles to dust.
Acquire which item? (Press ! for descriptions.) A: +4 giant spiked club of Dismemberment {flame, rElec rN+} B: +2 cloak of poison resistance; C: ring of protection from fire D: manual of Shields; E: staff of poison; F: lamp of fire; G: 6 rations H: 706 gold pieces This will waste the scroll!
Really cancel your acquirement? (Y/N) Acquire which item? (Press ! for descriptions.) A: +4 giant spiked club of Dismemberment {flame, rElec rN+} B: +2 cloak of poison resistance; C: ring of protection from fire D: manual of Shields; E: staff of poison; F: lamp of fire; G: 6 rations H: 706 gold pieces This will waste the scroll!
Really cancel your acquirement? (Y/N) Cancelling acquirement.
No path to travel!
No path to travel!
Are you sure you want to abandon this character and quit the game? (Confirm with "yes".)

#.....................
#..##.#..#######.#####
#........# ##...##
#.....##.# #.....#
#..#..##.# ##...##
#####'#### ##.##
#.......# #.#
#...#...# #.#
#..#@#..# ##'##
#.#.#.#.# ##...##
#..#,#.(# ##..รท..##
#..,*,..# ##.......##
#.,,,,,.#*#.........#
#########,+.........+
#....#**#.........#
#...## ##.......##
##.## ##.....##


There were no monsters in sight!

Vanquished Creatures
  An ogre (D:2)
  An adder (D:2)
  An ooze (D:2)
  A dart slug (D:1)
  6 leopard geckos
  3 ball pythons (D:1)
  8 goblins
  5 hobgoblins
  11 jackals
  5 bats
  2 frilled lizards
  A kobold (D:2)
  7 rats
52 creatures vanquished.

Notes
Turn   | Place    | Note
-------+----------+-------------------------------------------
     0 | D:1      | Morbidden the Ent Archaeologist began the quest for the
                  | Orb.
     0 | D:1      | Reached XP level 1. HP: 21/21 MP: 1/1
   118 | D:1      | Reached XP level 2. HP: 26/29 MP: 2/2
   276 | D:1      | Reached skill level 4 in Stealth
   421 | D:1      | Reached XP level 3. HP: 36/36 MP: 3/3
   554 | D:1      | Reached skill level 1 in Unarmed Combat
   898 | D:2      | Found a shimmering altar of Xom.
  1049 | D:2      | Noticed an ogre
  1219 | D:2      | Reached XP level 4. HP: 44/46 MP: 4/4
  1390 | D:2      | Noticed an ogre
  1398 | D:2      | Killed an ogre
  1399 | D:2      | Reached XP level 5. HP: 18/54 MP: 5/5
  1399 | D:2      | Identified a scroll of acquirement
  1403 | D:2      | Identified the +4 giant spiked club of Dismemberment
                  | {flame, rElec rN+} (You acquired it on level 2 of the
                  | Dungeon)
  1404 | D:2      | Quit the game

Skill      XL: |  1  2  3  4 |
---------------+-------------+-----
Dodging        | 3 |  3.7
Stealth        | 4 |  4.4
Unarmed Combat | 1 2 |  2.7
Fighting       | 2 |  2.4
Maces & Flails | |  1.2

Action                   |  1- 3 |  4- 6 || total
-------------------------+-------+-------++-------
Melee: Unarmed           |   180 |    27 ||   207
       Punch             |     1 |       ||     1
  Use: Scroll            |     1 |     2 ||     3
 Stab: Sleeping          |     7 |     1 ||     8
  Eat: Chunk             |     5 |     1 ||     6
Armor: Skin              |   179 |     7 ||   186
Dodge: Dodged            |   248 |    19 ||   267
